 Dungeon Crawl Stone Soup version 0.20.1-1-g8b1a95d (webtiles) character file.

285 slep the Sneak (level 6, -1/47 HPs)
             Began as a Demonspawn Wanderer on Oct 27, 2017.
             Slain by notRook's ghost (4 damage)
             ... in a sewer.
             The game lasted 00:11:57 (1798 turns).

slep the Sneak (Demonspawn Wanderer)                Turns: 1798, Time: 00:11:58

Health: -1/47      AC:  5    Str: 11    XL:     6   Next: 7%
Magic:  4/6        EV: 12    Int: 14    God:
Gold:   121        SH:  0    Dex: 15    Spells: 5/5 levels left

rFire    . . .     SeeInvis .   a - +2 dagger
rCold    . . .     Gourm    .   (no shield)
rNeg     . . .     Faith    +   i - +0 steam dragon scales
rPois    .         Spirit   .   (no helmet)
rElec    .         Reflect  .   (no cloak)
rCorr    .         Harm     .   (no gloves)
MR       .....     Rnd*Tele +   (no boots)
Stlth    ++........             r - amulet of faith
Regen    0.2/turn               k - ring of teleportation (curse)
MPRegen  0.1/turn               (no ring)

@: hasted, slow
A: hooves 1, powered by death 1, spiny 1
a: no special abilities


You were in a sewer.
You were not hungry.

You visited 1 branch of the dungeon, and saw 3 of its levels.
You also visited: Sewer.

You collected 121 gold pieces.

Inventory:

Hand Weapons
 a - a +2 dagger (weapon)
 c - a +0 shortbow
 n - a +0 scythe
Missiles
 d - 43 arrows
Armour
 e - a +0 ring mail
 i - +0 steam dragon scales (worn)
Jewellery
 k - a cursed ring of teleportation (left hand)
 r - an amulet of faith (around neck)
Wands
 h - a wand of digging (10/24)
Scrolls
 g - 4 scrolls of identify {unknown}
 j - a scroll of noise {unknown}
 l - 2 scrolls of enchant weapon {unknown}
 m - 2 scrolls of remove curse {unknown}
Potions
 b - a potion of berserk rage
 p - 5 potions of curing {unknown}
 q - a potion of magic {unknown}
Comestibles
 f - 3 bread rations
 o - a meat ration
 s - 7 chunks of flesh
 t - a royal jelly


   Skills:
 + Level 3.0 Fighting
 + Level 2.9 Short Blades
 + Level 1.0 Bows
 + Level 1.2 Throwing
 + Level 2.4 Armour
 + Level 1.3 Dodging
 + Level 3.7 Stealth
 + Level 1.0 Unarmed Combat
 + Level 1.0 Evocations


You had 5 spell levels left.
You didn't know any spells.

Dungeon Overview and Level Annotations

Branches:
Dungeon (3/15)

Altars:
Makhleb
The Shining One

Annotations:
Sewer notRook's ghost, amateur DsCK


Innate Abilities, Weirdness & Mutations

You have large cloven feet.
You regenerate a little health from kills.
You are partially covered in sharp spines.


Message History

NotRook's ghost hits you but does no damage.
NotRook's ghost hits you.
You feel your power leaking away.
Wield which item (- for none, * to show all)? (? for menu, Esc to quit)
a - a +2 dagger (weapon)
Your unstable footing causes you to fumble your attack.
NotRook's ghost is struck by your spines.
NotRook's ghost hits you!
You feel yourself speed up.
You hit notRook's ghost but do no damage.
You kick notRook's ghost, but do no damage.
NotRook's ghost is moderately damaged.
NotRook's ghost shrieks, "You must not succeed where I failed!"
NotRook's ghost hits you.
You convulse.
* * * LOW HITPOINT WARNING * * *
Your unstable footing causes you to fumble your attack.
Your unstable footing causes you to fumble your attack.
NotRook's ghost hits you!
* * * LOW HITPOINT WARNING * * *
Space bends around you.
You die...

##### ##.≈.##
#.....### #...≈.≈≈
#..≈.≈# #.W.# #@#
#≈# ≈# #≈# #≈# #≈#
#≈# ##≈## ##≈##
##≈..## ##.≈.## #
#..≈.≈####.....##≈#
#≈....≈≈≈≈.≈∩.≈≈≈≈≈
#≈.≈.≈####≈∩...###


You could see notRook's ghost.

Vanquished Creatures
  Sigmund (D:2)
  4 adders
  2 worms
  3 dart slugs
  2 leopard geckos
  An orc (D:3)
  2 ball pythons (D:2)
  9 bats
  4 giant cockroaches
  12 goblins
  6 hobgoblins
  A quokka (D:2)
  10 kobolds
  10 rats
67 creatures vanquished.

Notes
Turn   | Place    | Note
-------+----------+-------------------------------------------
     0 | D:1      | slep the Demonspawn Wanderer began the quest for the Orb.
     0 | D:1      | slep set off with: a +2 dagger, a potion of berserk rage, a +0 shortbow, 24 arrows, a +0 ring mail, a bread ration
     0 | D:1      | Reached XP level 1. HP: 16/16 MP: 1/1
   331 | D:1      | Gained mutation: You regenerate a little health from kills. [demonic ancestry]
   331 | D:1      | Reached XP level 2. HP: 15/22 MP: 2/2
   794 | D:2      | Gained mutation: You are partially covered in sharp spines. [demonic ancestry]
   794 | D:2      | Reached XP level 3. HP: 23/28 MP: 3/3
   828 | D:2      | Found a glowing golden altar of the Shining One.
   938 | D:2      | Found a burning altar of Makhleb.
   978 | D:2      | Reached skill level 1 in Short Blades
  1007 | D:2      | Reached XP level 4. HP: 34/34 MP: 4/4
  1187 | D:2      | Noticed Sigmund
  1204 | D:2      | Killed Sigmund
  1204 | D:2      | Reached skill level 1 in Dodging
  1204 | D:2      | Gained mutation: You have large cloven feet. [demonic ancestry]
  1204 | D:2      | Reached XP level 5. HP: 4/40 MP: 5/5
  1639 | D:3      | Reached XP level 6. HP: 44/46 MP: 6/6
  1743 | D:3      | Found a glowing drain.
  1747 | Sewer    | Entered a sewer
  1788 | Sewer    | Noticed notRook's ghost (amateur DsCK)
  1798 | Sewer    | Slain by notRook's ghost

Skill      XL: |  1  2  3  4  5  6 |
---------------+-------------------+-----
Armour         | 2 |  2.4
Stealth        | 2 3 |  3.7
Short Blades   | 1 2 |  2.9
Dodging        | 1 |  1.3
Fighting       | 3 |  3.0
Bows           | |  1.0
Throwing       | |  1.2
Unarmed Combat | |  1.0
Evocations     | |  1.0

Action                   |  1- 3 |  4- 6 || total
-------------------------+-------+-------++-------
Melee: Dagger            |    92 |    25 ||   117
       Scythe            |       |    45 ||    45
       Kick              |       |    10 ||    10
  Use: Potion            |       |     1 ||     1
 Stab: Sleeping          |     6 |     4 ||    10
  Eat: Chunk             |       |     3 ||     3
Armor: Steam dragon scal |    20 |    19 ||    39
       Ring mail         |     2 |       ||     2
Dodge: Dodged            |    44 |    42 ||    86
